 Dungeon Crawl Stone Soup version 0.31.0-32-g396128a36d (webtiles) character file.

Game seed: 16700833716490608503

3306 PaiMei the Purveyor of Pain (level 9, -13/59 (71) HPs)
             Began as a Demonspawn Necromancer on Mar 28, 2024.
             Was an Initiate of Kikubaaqudgha.
             Mangled by a yak (15 damage)
             ... on level 8 of the Dungeon.
             The game lasted 00:13:58 (9078 turns).

PaiMei the Purveyor of Pain (DsNe)                  Turns: 9078, Time: 00:13:59

HP:   -13/59 (71)   AC:  2    Str:  9    XL:     9   Next: 70%
MP:   25/27         EV: 19    Int: 20    God:    Kikubaaqudgha [......]
Gold: 249           SH:  4    Dex: 11    Spells: 8/21 levels left

rFire   . . .        y - +1 spear of the Heart {drain, Will+ Dex-2 SInv}
rCold   . . .        (no shield)
rNeg    . . .        a - +0 robe
rPois   .            (helmet restricted)
rElec   .            (no cloak)
rCorr   .            (no gloves)
SInv    +            (no boots)
Will    +....        c - amulet of magic regeneration
Stlth   ++           p - +5 ring of evasion
HPRegen 0.29/turn    w - ring of magical power
MPRegen 0.60/turn

%: no passive effects
@: heavily drained
A: antennae 2, powered by death 1, condensation shield
a: Renounce Religion


You were on level 8 of the Dungeon.
You worshipped Kikubaaqudgha.
Kikubaaqudgha was noncommittal.
You visited 2 branches of the dungeon, and saw 9 of its levels.
You also visited: Ossuary.

You collected 249 gold pieces.

Inventory:

Hand Weapons
 h - a +0 spear
 y - the +1 spear of the Heart (weapon) {drain, Will+ Dex-2 SInv}
   (You found it on level 3 of the Dungeon)

   Dex-2:     It affects your dexterity (-2).
   Will+:     It increases your willpower.
   SInv:      It lets you see invisible.
Missiles
 H - 2 curare-tipped darts
 I - 14 poisoned darts
 M - 5 darts of dispersal (quivered)
Armour
 a - a +0 robe (worn)
 v - an orb of guile
Jewellery
 c - an amulet of magic regeneration (around neck)
 p - a +5 ring of evasion (left hand)
 r - a +5 ring of evasion
 w - a ring of magical power (right hand)
 B - a ring of protection from fire
 D - a +6 ring of intelligence
 G - an amulet of guardian spirit
Wands
 n - a wand of flame (15)
 A - a wand of charming (1)
 F - a wand of polymorph (8)
 L - a wand of digging (4)
Scrolls
 d - 3 scrolls of revelation {unknown}
 f - 10 scrolls of identify {unknown}
 g - 2 scrolls of enchant armour {unknown}
 i - 3 scrolls of immolation {unknown}
 j - 4 scrolls of amnesia {unknown}
 o - 2 scrolls of fog {unknown}
 t - 6 scrolls of teleportation {unknown}
 u - 2 scrolls of fear {unknown}
 z - a scroll of vulnerability {unknown}
 E - 3 scrolls of poison {unknown}
 K - a scroll of silence {unknown}
Potions
 b - a potion of magic
 e - a potion of lignification {unknown}
 k - a potion of haste {unknown}
 l - 3 potions of degeneration {unknown}
 m - 3 potions of heal wounds {unknown}
 q - a potion of ambrosia {unknown}
 s - 2 potions of might {unknown}
 x - 4 potions of curing {unknown}
 C - 3 potions of attraction {unknown}
 J - a potion of mutation {unknown}


   Skills:
 + Level 6.7 Fighting
 + Level 6.5 Dodging
 - Level 2.0 Stealth
 + Level 6.5 Spellcasting
 + Level 8.8 Necromancy


You had 8 spell levels left.
You knew the following spells:

 Your Spells              Type           Power      Damage    Failure   Level
a - Necrotise             Necr           100%       1d9       1%          1
b - Vampiric Draining     Necr           42%        2d9       1%          3
c - Animate Dead          Necr           42%        N/A       2%          4
d - Curse of Agony        Necr           42%        N/A       7%          5

Your spell library contained the following spells:

 Spells                   Type           Power      Damage    Failure   Level
 Slow                     Hex            24%        N/A       10%         1
 Confusing Touch          Hex            6%         N/A       30%         3
 Sigil of Binding         Hex            6%         N/A       30%         3


Dungeon Overview and Level Annotations

Branches:
Dungeon (9/15)             Temple (1/1) D:6         Ossuary (visited)
   Lair: D:8-11         Orc: D:9-12

Altars:
Ashenzari
Dithmenos
Fedhas
Gozag
Hepliaklqana
Kikubaaqudgha
Makhleb
Nemelex Xobeh
Okawaru
Qazlal
Ru
Sif Muna
Trog
Vehumet
Wu Jian
Xom
Yredelemnul

Shops:
D:8 [

Annotations:
D:3 1 runed translucent door


Innate Abilities, Weirdness & Mutations

You have a pair of antennae on your head.
You regenerate a little health from kills.
A meltable shield of frost defends you. (SH +4)


Message History

Aiming: Necrotise (safe; 1% risk of failure)
Press: ? - help, Shift-Dir - straight line, f/p - yak
Aim: a yak (moderately wounded, chance to affect: 83%)
The yak writhes in agony!
The centaur barely misses you. The centaur completely misses you.
The yak gores you!
* * * LOW HITPOINT WARNING * * *
The yak misses you. You block the centaur's attack.
The centaur kicks you but does no damage.
Casting: Necrotise (safe; 1% risk of failure)
Confirm with . or Enter, or press ? or * to list all spells.
Aiming: Necrotise (safe; 1% risk of failure)
Press: ? - help, Shift-Dir - straight line, f/p - yak
Aim: a yak (heavily wounded, chance to affect: 83%)
The yak writhes in agony.
The centaur hits you.
* * * LOW HITPOINT WARNING * * *
The centaur completely misses you. The yak gores you.
* * * LOW HITPOINT WARNING * * *
The yak gores you!
* * * LOW HITPOINT WARNING * * *
Casting: Necrotise (safe; 1% risk of failure)
Confirm with . or Enter, or press ? or * to list all spells.
Aiming: Necrotise (safe; 1% risk of failure)
Press: ? - help, Shift-Dir - straight line, f/p - yak
Aim: a yak (heavily wounded, chance to affect: 83%)
The yak writhes in agony!
The centaur misses you. The centaur barely misses you. The yak gores you.
* * * LOW HITPOINT WARNING * * *
The yak misses you. The centaur hits you.
* * * LOW HITPOINT WARNING * * *
The centaur closely misses you.
Casting: Necrotise (safe; 1% risk of failure)
Confirm with . or Enter, or press ? or * to list all spells.
Aiming: Necrotise (safe; 1% risk of failure)
Press: ? - help, Shift-Dir - straight line, f/p - yak
Aim: a yak (severely wounded, chance to affect: 83%)
The yak writhes in agony.
You block the centaur's attack. The centaur barely misses you.
The yak gores you but does no damage. The yak gores you!
You die...
Kikubaaqudgha rasps: "You have failed me!
Welcome... death!"

#.#.......#.#.# #.#
#.#...###.#{#.# #.##
#.#...# #.#.#.# #...
#.#...###.#.#.# #...
#.#.....#.#z#.# #...
#.#.#.#.#.#.#.#####...
##'#.......#.#....<#...
#....#Y#...#.#######...
#....#@c...............
##....#Y#######.........
#..+#.........#.........
#.#####.......#.........
#.#####.....%.#........#
#.##....###...#........#
#.##.##...#..['.........
#.##.#....#...#........#
#......_......#........#


You could see 2 yaks and a centaur.

Vanquished Creatures
  A hornet (D:7)
  A wyvern (D:8)
  4 yaks (D:6)
  A water moccasin (D:8)
  2 black bears (D:6)
  A sky beast (D:8)
  An ogre (D:6)
  A phantom (D:6)
  2 bullfrogs
  2 kobold brigands
  12 scorpions
  2 wights (D:8)
  A howler monkey (D:8)
  3 jellies
  4 centaur zombies (Ossuary)
  2 human zombies (Ossuary)
  2 orc priests (D:6)
  3 hounds
  Terence (D:2)
  2 scorpion zombies (Ossuary)
  An orc wizard (D:6)
  3 mummies (Ossuary)
  3 adders
  2 white imps
  2 adder zombies (Ossuary)
  5 orcs
  11 endoplasms
  2 giant cockroaches
  2 gnoll zombies (Ossuary)
  5 goblins
  6 hobgoblins
  7 quokkas
  6 ball pythons
  A ball python zombie (Ossuary)
  3 bats
  2 jackal zombies (Ossuary)
  17 kobolds
  3 orc zombies (Ossuary)
  5 rats
134 creatures vanquished.

Vanquished Creatures (collateral kills)
  A dart slug (D:1)
  A hobgoblin (D:2)
  A frilled lizard (D:3)
3 creatures vanquished.

Grand Total: 137 creatures vanquished

Notes
Turn   | Place    | Note
-------+----------+-------------------------------------------
     0 | D:1      | PaiMei the Demonspawn Necromancer began the quest for the
                  | Orb.
     0 | D:1      | Reached XP level 1. HP: 13/13 MP: 3/3
   178 | D:1      | Gained mutation: A meltable shield of frost defends you.
                  | (SH +4) [demonic ancestry]
   178 | D:1      | Reached XP level 2. HP: 19/19 MP: 1/5
  1307 | D:2      | Gained mutation: You have a pair of small antennae on your
                  | head. [demonic ancestry]
  1307 | D:2      | Reached XP level 3. HP: 23/25 MP: 6/6
  1311 | D:2      | Learned a level 3 spell: Vampiric Draining
  1456 | D:2      | Noticed Terence
  1464 | D:2      | Reached skill level 1 in Fighting
  1470 | D:2      | Killed Terence
  1471 | D:2      | Gained mutation: You regenerate a little health from kills.
                  | [demonic ancestry]
  1471 | D:2      | Reached XP level 4. HP: 19/32 MP: 4/7
  1544 | D:2      | Found a faded altar of an unknown god.
  1715 | D:2      | Reached skill level 5 in Necromancy
  1971 | D:3      | Identified the +1 spear of the Heart {drain, Will+ Dex-2
                  | SInv}
  2020 | D:3      | Noticed a human
  2021 | D:3      | Found a runed translucent door.
  2024 | D:3      | Found a basalt altar of Yredelemnul.
  2055 | D:3      | Found a broken altar of Ashenzari.
  2121 | D:3      | Found a hazy altar of Hepliaklqana.
  2277 | D:3      | Found a shadowy altar of Dithmenos.
  2564 | D:4      | You fall into a shaft and drop 3 floors!
  2570 | D:7      | Noticed a hornet
  2587 | D:7      | Noticed a bullfrog
  2595 | D:7      | Killed a bullfrog
  2596 | D:7      | Reached XP level 5. HP: 35/38 MP: 9/9
  2685 | D:6      | Found a sand-covered staircase.
  2690 | Ossuary  | Entered an ossuary
  2886 | Ossuary  | Reached XP level 6. HP: 36/46 MP: 10/10
  3325 | Ossuary  | Reached skill level 6 in Necromancy
  3325 | Ossuary  | Reached XP level 7. HP: 52/52 MP: 11/12
  4285 | Ossuary  | Gained mutation: You have a pair of antennae on your head.
                  | [demonic ancestry]
  4285 | Ossuary  | Reached XP level 8. HP: 47/60 MP: 13/14
  4555 | D:6      | Reached skill level 7 in Necromancy
  4891 | D:6      | Reached skill level 5 in Dodging
  4891 | D:6      | Reached skill level 5 in Spellcasting
  5025 | D:6      | Reached skill level 5 in Fighting
  5323 | D:6      | Reached XP level 9. HP: 68/68 MP: 17/17
  5393 | D:6      | Reached skill level 8 in Necromancy
  6051 | D:6      | Found a staircase to the Ecumenical Temple.
  6057 | Temple   | Entered the Ecumenical Temple
  6101 | Temple   | Became a worshipper of Kikubaaqudgha
  7968 | D:8      | Found Ruyp's Armour Shop.
  7968 | D:8      | Noticed an animated crystal plate armour
  7969 | D:8      | Noticed an animated plate armour
  8225 | D:8      | Found a stormy altar of Qazlal.
  8401 | D:7      | Learned a level 4 spell: Animate Dead
  8407 | D:7      | Learned a level 5 spell: Curse of Agony
  8502 | D:9      | Noticed a two-headed ogre
  9077 | D:8      | HP: 2/59 [centaur (1)]
  9078 | D:8      | Mangled by a yak

Illustrated notes

Levels and vault maps discovered:
D:1:      evilmike_arrival_hilbert_curve, layout_loops_corners
D:2:      layout_rooms, shapermc_ecumenical_altar_notcrosses,
          serial_bayou_pond_c, minmay_misc_feat_secret_circle, uniq_terence
D:3:      layout_loops_ring, mainiacjoe_overflow_brackets,
          dk_yredelemnul_ordeal, mainiacjoe_overflow_catwalk,
          mainiacjoe_overflow_small_starburst
D:4:      layout_loops_ring, grunt_ministairs_11, uniq_robin, uniq_pikel,
          uniq_duvessa
D:6:      minmay_general_purpose_star, layout_basic,
          minmay_temple_entry_proselytizer,
          nicolae_ossuary_entry_false_entrances, grunt_decor_fettered,
          moated_statue
D:7:      layout_gridville
D:8:      layout_basic, nicolae_overflow_crystal_walls, serial_shops,
          nicolae_shop_mannequins
D:9:      layout_roguey, lemuel_round_altar, orc_david_3, serial_ice,
          serial_ice_b, serial_ice_o, serial_ice_h, serial_ice_j, serial_ice_m,
          minmay_chambers_of_fives, uniq_harold, uniq_maggie, uniq_erica
Temple:   regret_index_temple_generic_petals

Skill      XL: |  1  2  3  4  5  6  7  8  9 |
---------------+----------------------------+-----
Dodging        | 2 3 4 5 6 |  6.5
Stealth        | 2 |  2.0
Fighting       | 1 2 3 4 5 6 |  6.7
Necromancy     | 5 6 7 8 |  8.8
Spellcasting   | 3 4 5 6 |  6.5

Action                     |  1- 3 |  4- 6 |  7- 9 || total
---------------------------+-------+-------+-------++-------
  Melee: Dagger            |     6 |       |       ||     6
         Spear             |       |   129 |   230 ||   359
         Punch             |       |     2 |     1 ||     3
         Unarmed           |       |       |     1 ||     1
   Cast: Necrotise         |    59 |    41 |    73 ||   173
         Vampiric Draining |       |    11 |    81 ||    92
  Evoke: Wand              |       |     2 |    13 ||    15
 Armour: Robe              |    10 |    46 |   159 ||   215
  Dodge: Dodged            |    12 |   104 |   275 ||   391
  Block: Other             |     4 |    20 |    67 ||    91
